 Dungeon Crawl Stone Soup version 0.27-b1-2-g8387495791 (webtiles) character file.

Game seed: 16890628377318258361

2 pikapanic the Vexing (level 1, -2/12 HPs)
             Began as a Kobold Arcane Marksman on July 26, 2021.
             Slain by a quokka (4 damage)
             ... on level 1 of the Dungeon.
             The game lasted 00:03:51 (267 turns).

pikapanic the Vexing (Kobold Arcane Marksman)        Turns: 267, Time: 00:03:52

Health: -2/12      AC:  2    Str:  7    XL:     1   Next: 33%
Magic:  2/2        EV: 15    Int: 14    God:
Gold:   15         SH:  0    Dex: 15    Spells: 1/2 levels left

rFire    . . .     SeeInvis .   (weapon restricted)
rCold    . . .     Faith    .   (shield restricted)
rNeg     . . .     Spirit   .   a - +0 robe
rPois    .         Reflect  .   (no helmet)
rElec    .         Harm     .   (no cloak)
rCorr    .         Rampage  .   (no gloves)
Will     .....                  (no boots)
Stlth    ++........             (no amulet)
HPRegen  0.04/turn              (no ring)
MPRegen  0.08/turn              (no ring)

@: no status effects
A: small, no large weapons, nightstalker 3
a: no special abilities


You were on level 1 of the Dungeon.
You visited 1 branch of the dungeon, and saw 1 of its levels.

You collected 15 gold pieces.

Inventory:

Hand Weapons
 e - a +0 short sword
Missiles
 b - 8 boomerangs (quivered)
 c - 2 throwing nets
Armour
 a - a +0 robe (worn)
Magical Staves
 f - a staff of air
Scrolls
 d - a scroll of blinking {unknown}
Potions
 g - a potion of magic {unknown}


   Skills:
 - Level 1.1 Fighting
 + Level 2.4 Throwing
 - Level 2.4 Dodging
 - Level 1.1 Spellcasting
 - Level 3.0 Hexes


You had one spell level left.
You knew the following spells:

 Your Spells              Type           Power      Damage    Failure   Level
a - Corona                Hex            10%        N/A       8%          1

Your spell library contained the following spells:

 Spells                   Type           Power      Damage    Failure   Level
 Slow                     Hex            9%         N/A       12%         2
 Inner Flame              Hex/Fire       4%         N/A       38%         3
 Portal Projectile        Hex/Tloc       8%         N/A       38%         3
 Cause Fear               Hex            4%         N/A       58%         4


Dungeon Overview and Level Annotations

Branches:
Dungeon (1/15)

Altars:


Innate Abilities, Weirdness & Mutations

You are small and have problems with some larger weapons.
You are completely attuned to the shadows.


Message History

Aim: a frilled lizard (heavily wounded, 40% to hit)
You throw a boomerang.
The boomerang barely misses the frilled lizard.
The frilled lizard bites you.
Really attack while wielding nothing? [Y]es or [N]o only, please.
Really attack while wielding nothing? [Y]es or [N]o only, please.
Really attack while wielding nothing? [Y]es or [N]o only, please.
Really attack while wielding nothing?
Okay, then.
Throw: 8 boomerangs
Press: ? - help, Q - select action, (/) - cycle Shift-Dir - straight line, f/p - frilled lizard
Aim: a frilled lizard (heavily wounded, 40% to hit)
You throw a boomerang.
The boomerang closely misses the frilled lizard.
The frilled lizard bites you.
Throw: 8 boomerangs
Press: ? - help, Q - select action, (/) - cycle Shift-Dir - straight line, f/p - frilled lizard
Aim: a frilled lizard (heavily wounded, 40% to hit)
You throw a boomerang. The boomerang hits the frilled lizard.
You kill the frilled lizard!
Throw: 8 boomerangs
Press: ? - help, Q - select action, (/) - cycle Shift-Dir - straight line, f - quokka
Aim: a quokka (asleep, 98% to hit)
You throw a boomerang. The boomerang hits the quokka.
The quokka is moderately wounded.
You see here a frilled lizard corpse.
The quokka bites you. x2
The quokka misses you. The quokka closely misses you.
The quokka barely misses you. The quokka bites you.
* * * LOW HITPOINT WARNING * * *
The quokka barely misses you.
You see here a frilled lizard corpse.
The quokka closely misses you. The quokka bites you.
You die...

##########.# .. #.#
..##.## ......#
......########.... ..#
.................. ...#
..##'#####....... ...###
..##.#####.###.###+#.....
..........@r.............
####.#########.##.##.###
....$.........†......####
########.########........
##.... ..... #.#..#...
#.#........... #.#..#...
#..#...#...... #.#..# ..
.##...#...#....#.. #.#..#
...##....#...#..#...


You could see a quokka.

Vanquished Creatures
  A ball python (D:1)
  A frilled lizard (D:1)
  A rat (D:1)
3 creatures vanquished.

Notes
Turn   | Place    | Note
-------+----------+-------------------------------------------
     0 | D:1      | pikapanic the Kobold Arcane Marksman began the quest for
                  | the Orb.
     0 | D:1      | Reached XP level 1. HP: 12/12 MP: 2/2
   267 | D:1      | Slain by a quokka

Illustrated notes

Levels and vault maps discovered:
D:1:      matt_arrival_diagonals, layout_basic,
          dilly_ecumenical_altar_fadedgnrine

Action                   || total
-------------------------++-------
Throw: Boomerang         ||    17
Armor: Robe              ||     3
Dodge: Dodged            ||    18
